AoeStats
← zentrike121

Arena

510635137Analyzed
2v2 RM · 1d ago on Oct 1, 2026· 39m 30s· 4 players
Game mode
Random Map
Map size
Medium (4 player)
Population
200
Speed
Normal
Resources
Standard
Victory
Conquest
Starting age
Dark Age
Ending age
Imperial Age
RankedLock teamsTeams togetherTeam positionsShared explorationLock speedFull tech treeHidden civsTurbo modeCheats
Victory
Defeat
🇲🇽 Magyars · Mexico
1017
+13
🇺🇸 Portuguese · United States
993
+14
🇩🇪 Chinese · Germany
958
-38
🇮🇪 Bohemians · Ireland
958
-41
zentrike121
4:21 Loom
14:13 Feudal Age
15:27 Horse Collar
17:29 Double-Bit Axe
21:42 Padded Archer Armor
21:32 Fletching
26:10 Castle Age
25:29 Scale Barding Armor
25:25 Scale Mail Armor
25:36 Forging
26:59 Caravan
29:01 Leather Archer Armor
28:42 Bodkin Arrow
29:21 Coinage
32:02 Bow Saw
32:14 Heavy Plow
37:51 Imperial Age
Bugemann
0:36 Loom
12:10 Feudal Age
12:36 Horse Collar
15:25 Wheelbarrow
15:58 Padded Archer Armor
15:49 Fletching
15:48 Double-Bit Axe
17:30 Town Watch
19:41 Fletching
20:45 Arson
23:42 Castle Age
21:43 Gold Mining
22:11 Stone Mining
23:09 Forging
23:00 Scale Mail Armor
24:07 Pikeman
24:51 Squires
25:41 Heavy Plow
26:40 Hand Cart
26:55 Bow Saw
30:13 Leather Archer Armor
29:54 Bodkin Arrow
DWAYNEger Danger
9:43 Feudal Age
15:02 Castle Age
16:08 Double-Bit Axe
17:30 Bow Saw
17:31 Horse Collar
18:51 Loom
22:35 Heavy Plow
23:35 Wheelbarrow
26:01 Hand Cart
26:05 Stone Mining
26:08 Gold Mining
26:34 Fletching
26:45 Padded Archer Armor
27:53 Stone Shaft Mining
32:16 Imperial Age
30:22 Bodkin Arrow
30:42 Leather Archer Armor
31:08 Ballistics
31:05 Pikeman
31:54 Thumb Ring
31:09 Crossbowman
32:26 Forging
32:17 Scale Mail Armor
33:17 Arbalester
34:02 Bracer
34:32 Ring Archer Armor
35:05 Chemistry
35:51 Iron Casting
35:33 Chain Mail Armor
36:30 Two-Man Saw
36:53 Halberdier
38:38 Blast Furnace
38:08 Plate Mail Armor
tonnyverygood
9:54 Feudal Age
14:03 Castle Age
12:45 Double-Bit Axe
13:04 Horse Collar
17:53 Loom
18:46 Wheelbarrow
20:45 Heavy Plow
23:00 Bow Saw
24:43 Hand Cart
29:32 Imperial Age
27:11 Scale Barding Armor
27:35 Bloodlines
27:46 Gold Mining
29:07 Chain Barding Armor
30:44 Gold Shaft Mining
31:00 Plate Barding Armor
29:51 Cavalier
31:13 Husbandry
32:02 Paladin
34:45 Conscription
35:01 Town Watch
35:22 Capped Ram
Connection lost

Rejoining the realm…

Still unreachable

The connection could not be restored.

Session expired

The server has moved on; the page needs a fresh start.